Map: Abyssal Reef LE

Players

Aoret - Winner!

  • Race: Protoss Protoss
  • League: Platinum
  • Spawn Location: 5:00

VOD

Have the link to the VOD?

Description

Time

  • Played on: July 17, 2017, 1:45 a.m.
  • Length: 6:51
Show
View Real Time Build Order
Export as new Build Order

Aoret Protoss - Winner!

Build Orders:  

Get SALT Encoding   

  12  0:03  Probe (Chrono Boost)  
  12  0:13  Probe (Chrono Boost)  
  12  0:19  Pylon  
  12  0:24  Probe (Chrono Boost)  
  12  0:37  Gateway  
  12  0:38  Probe (Chrono Boost)  
  12  0:45  Assimilator  
  12  0:49  Probe (Chrono Boost)  
  12  0:54  Assimilator  
  12  0:59  Probe (Chrono Boost)  
  12  1:10  Probe (Chrono Boost)  
  12  1:12  Gateway  
  12  1:20  Probe (Chrono Boost)  
  12  1:26  Cybernetics Core  
  12  1:31  Probe (Chrono Boost)  
  12  1:36  Pylon  
  12  1:41  Probe (Chrono Boost)  
  12  1:52  Probe (Chrono Boost)  
  12  2:02  Warp Gate  
  12  2:03  Stalker x2  
  12  2:13  Mothership Core (Chrono Boost)  
  12  2:17  Pylon  
  12  2:31  Probe (Chrono Boost)  
  12  2:47  Nexus  
  12  2:49  Probe (Chrono Boost)  
  12  2:58  Stalker  
  12  3:03  Probe (Chrono Boost)  
  12  3:08  Stalker  
  12  3:14  Probe (Chrono Boost)  
  12  3:21  Twilight Council  
  12  3:25  Probe (Chrono Boost)  
  12  3:38  Probe (Chrono Boost)  
  12  3:42  Robotics Facility  
  12  3:50  Pylon  
  12  3:54  Assimilator  
  12  4:00  Blink (Chrono Boost)  
  12  4:11  Probe  
  12  4:12  Probe  
  12  4:14  Sentry x2  
  12  4:21  Probe  
  12  4:24  Probe  
  12  4:30  Observer  
  12  4:39  Gateway  
  12  4:40  Gateway  
  12  4:44  Gateway, Probe x2  
  12  4:54  Warp Prism  
  12  5:00  Probe  
  12  5:01  Probe  
  12  5:05  Stalker  
  12  5:09  Stalker  
  12  5:21  Pylon  
  12  5:25  Pylon  
  12  5:35  Stalker  
  12  5:37  Stalker  
  12  6:09  Stalker  
  12  6:10  Stalker x4  
  12  6:37  Nexus  
  12  6:40  Pylon, Stalker  
  12  6:41  Pylon  
  12  6:43  Pylon  
  12  6:50  Pylon  
Tags
 
Add a new tag
Caveats
  • Supply blocks, unpowered buildings, or Contaminate may cause inaccurate times.
  • Supply counts are checked every 10 seconds.